 Dungeon Crawl Stone Soup version 0.30.1-11-g7821555f0a (webtiles) character file.

Game seed: 13001837044163056174

58 booth the Chopper (level 3, -1/29 HPs)
             Began as a Demonspawn Monk on Nov 6, 2023.
             Slain by a cerulean imp
             ... wielding a +2 spear
             ... summoned by Natasha
              (3 damage)
             ... on level 2 of the Dungeon.
             The game lasted 00:05:52 (1147 turns).

booth the Chopper (Demonspawn Monk)                 Turns: 1147, Time: 00:05:53

Health: -1/29      AC:  3    Str: 13    XL:     3   Next: 76%
Magic:  3/3        EV: 13    Int: 11    God:
Gold:   85         SH:  0    Dex: 15    Spells: 2/2 levels left

rFire   . . .        a - +0 hand axe
rCold   . . .        d - orb {light}
rNeg    . . .        b - +0 robe
rPois   .            (no helmet)
rElec   .            (no cloak)
rCorr   .            (no gloves)
SInv    .            g - +0 pair of boots
Will    .....        (no amulet)
Stlth   +            (no ring)
HPRegen 0.24/turn    (no ring)
MPRegen 0.08/turn

%: no passive effects
@: hasted and slowed, glowing
A: spiny 1
a: no special abilities


You were on level 2 of the Dungeon.
You visited 1 branch of the dungeon, and saw 2 of its levels.

You collected 85 gold pieces.

Inventory:

Hand Weapons
 a - a +0 hand axe (weapon)
 k - a +0 mace
Armour
 b - a +0 robe (worn)
 d - an orb of light (worn)
 g - a +0 pair of boots (worn)
Jewellery
 l - a +6 ring of strength
Potions
 c - a potion of ambrosia
 e - a potion of mutation {unknown}
 f - a potion of berserk rage {unknown}
 h - a potion of attraction
 i - a potion of invisibility {unknown}


   Skills:
 + Level 3.4 Fighting
 * Level 3.6 Axes
 + Level 3.1 Dodging


You had 2 spell levels left.
You didn't know any spells.
Your spell library was empty.

Dungeon Overview and Level Annotations

Branches:
Dungeon (2/15)

Altars:

Annotations:
D:2 Natasha, Sigmund


Innate Abilities, Weirdness & Mutations

You are partially covered in sharp spines.


Message History

You hit Natasha but do no damage.
Natasha is heavily wounded.
You hit the cerulean imp but do no damage.
The cerulean imp hits you with a +2 spear.
Natasha is struck by your spines. Natasha claws you.
You closely miss Natasha.
Natasha is severely wounded.
You barely miss the cerulean imp. The cerulean imp closely misses you.
Natasha misses you. The cerulean imp closely misses you.
Natasha stares at you and mumbles some strange words.
You feel as though you will be slow longer.
You hit Natasha.
Natasha is almost dead.
You barely miss the cerulean imp.
The cerulean imp hits you with a +2 spear.
Natasha casts a spell at you. The magic dart hits you!
* * * LOW HITPOINT WARNING * * *
The cerulean imp closely misses you. Natasha claws you.
* * * LOW HITPOINT WARNING * * *
You completely miss Natasha.
Natasha is almost dead.
You hit the cerulean imp. The cerulean imp misses you.
Natasha drinks a potion.
Natasha is healed!
You aren't carrying any scrolls.
It was a potion of haste.
You feel yourself speed up.
The cerulean imp hits you but does no damage.
Natasha closely misses you. The cerulean imp closely misses you.
Natasha claws you.
* * * LOW HITPOINT WARNING * * *
You hit Natasha but do no damage.
Natasha is moderately wounded.
You hit the cerulean imp. The cerulean imp barely misses you.
Natasha misses you.
You hit Natasha.
Natasha is heavily wounded.
You hit the cerulean imp.
The cerulean imp is struck by your spines.
The cerulean imp hits you with a +2 spear.
You die...

#........##..........
#........#..#....
#........... .#.. .
#.......<.# #......
###..)......##h.h....
#........##.#........
#.............# .....
#...........###......
#............@h......
#.............5......
######..[.#...###....
..........# ...
...##.####.# .
.......# #..#
....#### ##.. #..


You could see Natasha and a cerulean imp (summoned).

Vanquished Creatures
  A hound (D:2)
  5 ball pythons
  2 endoplasms (D:1)
  2 giant cockroaches (D:1)
  A hobgoblin (D:1)
  4 jackals (D:1)
  2 kobolds (D:1)
  A quokka (D:1)
  A bat (D:1)
  4 frilled lizards
  A goblin (D:1)
  2 rats (D:1)
26 creatures vanquished.

Notes
Turn   | Place    | Note
-------+----------+-------------------------------------------
     0 | D:1      | booth the Demonspawn Monk began the quest for the Orb.
     0 | D:1      | Reached XP level 1. HP: 18/18 MP: 1/1
    44 | D:1      | Found a faded altar of an unknown god.
   101 | D:1      | Gained mutation: You are partially covered in sharp spines.
                  | [demonic ancestry]
   101 | D:1      | Reached XP level 2. HP: 10/24 MP: 2/2
  1022 | D:2      | Noticed Sigmund
  1102 | D:2      | Reached XP level 3. HP: 24/29 MP: 3/3
  1131 | D:2      | Noticed Natasha
  1145 | D:2      | HP: 1/29 [Natasha (2)]
  1147 | D:2      | Slain by a cerulean imp

Illustrated notes

Levels and vault maps discovered:
D:1:      ncdulo_watergridlock, layout_basic, shapermc_ecumenical_altar_venn,
          kennysheep_nondescript, nrook_mini_vaults, item_on_display_a
D:2:      layout_rooms, serial_shops, shop, minmay_stone_trees_small,
          uniq_natasha, uniq_sigmund, uniq_terence

Skill      XL: |  1  2 |
---------------+-------+-----
Axes           | 3 |  3.6
Dodging        | 3 |  3.1
Fighting       | |  3.4

Action                     || total
---------------------------++-------
  Melee: Hand axe          ||    56
    Use: Potion            ||     2
         Scroll            ||     1
 Armour: Robe              ||    10
  Dodge: Dodged            ||    38
